 Dungeon Crawl Stone Soup version 0.27-b1-16-g6517624069 (webtiles) character file.

Game seed: 1371478795443570631

49 Brandom the Chucker (level 4, 0/40 HPs)
             Began as a Kobold Hunter on July 26, 2021.
             Succumbed to an adder's poison
             ... on level 1 of the Dungeon.
             The game lasted 00:03:21 (1600 turns).

Brandom the Chucker (Kobold Hunter)                 Turns: 1600, Time: 00:03:21

Health: 0/40       AC: 22    Str: 10    XL:     4   Next: 1%
Magic:  4/4        EV:  3    Int: 12    God:
Gold:   45         SH:  0    Dex: 15    Spells: 3/3 levels left

rFire    . . .     SeeInvis .   a - +0 short sword
rCold    . . .     Faith    .   (shield restricted)
rNeg     + + +     Spirit   .   (armour currently unavailable)
rPois    +         Reflect  .   (helmet currently unavailable)
rElec    .         Harm     .   (cloak currently unavailable)
rCorr    .         Rampage  .   (gloves currently unavailable)
Will     .....     NoTele   +   (boots currently unavailable)
Stlth    +++.......             (no amulet)
HPRegen  0.13/turn              (no ring)
MPRegen  0.09/turn              (no ring)

@: lethally poisoned (0 -> -2), tree-form
A: stationary, stasis, torment immunity, boosted hp, small, no large weapons,
nightstalker 3
a: no special abilities


You were on level 1 of the Dungeon.
You were a tree.
You visited 1 branch of the dungeon, and saw 2 of its levels.

You collected 45 gold pieces.

Inventory:

Hand Weapons
 a - a +0 short sword (weapon)
Missiles
 c - 10 boomerangs (quivered)
 d - 2 throwing nets
Armour
 b - a +0 leather armour
 e - a +1 hat (melded)
 f - a +0 pair of boots (melded)
 k - a +0 ring mail (melded)


   Skills:
 + Level 2.5 Fighting
 + Level 2.0 Short Blades
 + Level 5.0 Throwing
 + Level 0.7 Armour
 + Level 2.6 Dodging
 - Level 1.3 Stealth


You had 3 spell levels left.
You didn't know any spells.
Your spell library was empty.

Dungeon Overview and Level Annotations

Branches:
Dungeon (2/15)

Altars:


Innate Abilities, Weirdness & Mutations

You are a tree.
Your roots penetrate the ground, keeping you stationary.
You cannot be teleported.
You are immune to unholy pain and torment.
Your maximum health is greatly increased.
Your equipment is partially melded.
You are small and have problems with some larger weapons.
You are completely attuned to the shadows.


Message History

You hit the adder but do no damage.
The adder is moderately wounded.
* * * LOW HITPOINT WARNING * * *
You feel very sick. The adder bites you but does no damage.
The adder closely misses you.
Unknown command.
It was a potion of lignification.
You turn into a tree.
Your +1 hat melds into your body.
Your +0 pair of boots melds into your body.
Your +0 ring mail melds into your body.
Your roots penetrate the ground.
* * * LOW HITPOINT WARNING * * *
You feel sick. The adder barely misses you.
You hit the adder.
The adder is almost dead.
* * * LOW HITPOINT WARNING * * *
You feel sick. The adder bites you but does no damage.
Unknown command.
You closely miss the adder.
The adder is almost dead.
* * * LOW HITPOINT WARNING * * *
You feel sick. The adder bites you.
* * * LOW HITPOINT WARNING * * *
The adder barely misses you.
Unknown command.
You barely miss the adder.
The adder is almost dead.
* * * LOW HITPOINT WARNING * * *
You feel sick.
You kill the adder!
Your Short Blades skill increases to level 2!
You have reached level 4!
As you read the scroll labelled ERENIC GOHOS, it crumbles to dust.
You hear a loud clanging noise!
It was a scroll of noise.
* * * LOW HITPOINT WARNING * * *
You feel sick.
Unknown command.
As you read the scroll labelled GULIUCVYLUCK, it crumbles to dust.
You feel momentarily disoriented.
It was a scroll of magic mapping.
You die...

#.## ##.......#.####.
###########.###.#####...###...
#............#...# ##.## #.#.
#.###########.##.#####.####.#.
#.# #.##.....|..).).#. ##.#
#.##..####.######. #..# #.##..#
#.# #. #.## #.##..# #.######. #.#
#♣##..# #.......# #.# #†##..#
########. #.# ######)##..# ## #.#
##..........# # #.# #...#..(##.##
# ###.### ##...##.....# #
#.....###..#..##....#############
#...).##..###..##...>......†.....
.....##..## ##..##..#############


There were no monsters in sight!

Vanquished Creatures
  3 adders
  An orc (D:2)
  An endoplasm (D:1)
  4 goblins (D:1)
  3 hobgoblins (D:1)
  A ball python (D:1)
  2 bats (D:1)
  5 kobolds (D:1)
  A rat (D:1)
21 creatures vanquished.

Notes
Turn   | Place    | Note
-------+----------+-------------------------------------------
     0 | D:1      | Brandom the Kobold Hunter began the quest for the Orb.
     0 | D:1      | Reached XP level 1. HP: 12/12 MP: 1/1
   463 | D:1      | Reached XP level 2. HP: 16/18 MP: 2/2
  1406 | D:2      | Reached skill level 1 in Short Blades
  1406 | D:2      | Reached skill level 5 in Throwing
  1406 | D:2      | Reached XP level 3. HP: 16/22 MP: 3/3
  1598 | D:1      | HP: 1/33 [poisoned by an adder]
  1599 | D:1      | Reached XP level 4. HP: 1/27 MP: 4/4
  1600 | D:1      | Succumbed to an adder's poison

Illustrated notes

Levels and vault maps discovered:
D:1:      dpeg_chamrin_arrival_tetris, layout_loops_ring
D:2:      layout_rooms, serial_curves, eino_curves_04, eino_curves_02,
          eino_curves_02, uniq_natasha, uniq_robin, uniq_sigmund

Skill      XL: |  1  2  3 |
---------------+----------+-----
Short Blades   | 1 2 |  2.0
Throwing       | 5 |  5.0
Fighting       | |  2.5
Armour         | |  0.7
Dodging        | |  2.6
Stealth        | |  1.3

Action                   |  1- 3 |  4- 6 || total
-------------------------+-------+-------++-------
Melee: Short sword       |    99 |       ||    99
Throw: Boomerang         |     3 |       ||     3
       Dart              |    12 |       ||    12
  Use: Potion            |     1 |       ||     1
       Scroll            |       |     2 ||     2
 Stab: Sleeping          |     7 |       ||     7
Armor: Leather armour    |     8 |       ||     8
       Ring mail         |    26 |       ||    26
       Skin              |     1 |       ||     1
Dodge: Dodged            |    78 |       ||    78
